 Dungeon Crawl Stone Soup version 0.28-a0-1412-gf95308ed99 (webtiles) character file.

Game seed: 11949628902922632575

586 flotson the Chopper (level 7, -2/53 HPs)
             Began as a Demonspawn Gladiator on Jan 6, 2022.
             Killed from afar by Ijyb (33 damage)
             ... with a bolt of acid
             ... on level 4 of the Dungeon.
             The game lasted 00:06:12 (4436 turns).

flotson the Chopper (Demonspawn Gladiator)          Turns: 4436, Time: 00:06:12

Health: -2/53      AC: 15    Str: 13    XL:     7   Next: 15%
Magic:  16/16      EV:  7    Int: 12    God:
Gold:   119        SH:  0    Dex: 14    Spells: 6/6 levels left

rFire   . . .      SeeInvis .   a - +0 quarterstaff
rCold   . . .      Faith    .   (shield currently unavailable)
rNeg    . . .      Spirit   .   i - +5 chain mail of Gebbok {Harm MP+9 Str-4 Int+3}
rPois   .          Reflect  .   c - +0 helmet
rElec   .          Harm     +   (no cloak)
rCorr   .          Rampage  .   (no gloves)
Will    .....                   (no boots)
Stlth   ..........              (no amulet)
HPRegen 0.17/turn               (no ring)
MPRegen 0.15/turn               (no ring)

@: studying Transmutations
A: claws 2, hooves 1, foul stench 1, powered by pain 1
a: no special abilities


You were on level 4 of the Dungeon.
You visited 1 branch of the dungeon, and saw 4 of its levels.

You collected 193 gold pieces.
You spent 74 gold pieces at shops.

Inventory:

Hand Weapons
 a - a +0 quarterstaff (weapon)
 b - a +0 vorpal hunting sling
 q - a +0 war axe
Missiles
 d - 2 throwing nets
 g - 32 poisoned darts (quivered)
 l - 3 datura-tipped darts
 n - 25 sling bullets
Armour
 c - a +0 helmet (worn)
 i - the +5 chain mail of Gebbok (worn) {Harm MP+9 Str-4 Int+3}
   (You found it on level 2 of the Dungeon)

   Str:       It affects your strength (-4).
   Int:       It affects your intelligence (+3).
   MP:        It affects your magic capacity (+9).
   Harm:      It increases damage dealt and taken.
Wands
 v - a wand of flame (17)
Scrolls
 e - 3 scrolls of identify {unknown}
 k - a scroll of torment {unknown}
 o - a scroll of vulnerability {unknown}
 s - a scroll of magic mapping {unknown}
 t - a scroll of enchant weapon {unknown}
 u - a scroll of summoning {unknown}
Potions
 f - a potion of mutation {unknown}
 h - a potion of attraction {unknown}
 j - a potion of curing
 m - 2 potions of cancellation {unknown}
 p - a potion of haste {unknown}
 r - a potion of degeneration {unknown}


   Skills:
 + Level 3.8 Fighting
 + Level 4.0 Axes
 + Level 3.4 Throwing
 + Level 2.8 Armour
 + Level 4.0 Dodging
 + Level 1.2 Evocations


You had 6 spell levels left.
You didn't know any spells.
Your spell library was empty.

Dungeon Overview and Level Annotations

Branches:
Dungeon (4/15)
 Temple: D:4-7

Altars:
Hepliaklqana

Shops:
D:2 :===(   D:4 =*=

Annotations:
D:4 Ijyb


Innate Abilities, Weirdness & Mutations

You have very sharp fingernails.
You have large cloven feet.
You may rarely emit foul miasma when damaged in melee.
You sometimes gain a little power by taking damage.


Message History

No target in view!
No target in view!
g - 32 poisoned darts (gained 4);
n - 22 sling bullets (gained 2)
Things that are here:
a +0 dagger; a kobold corpse; an adder corpse
n - 23 sling bullets (gained 1)
n - 25 sling bullets (gained 2)
Found a short sword.
You see here a +0 short sword.
As you open the door, it creaks loudly!
There is an open door here.
You open the door.
Found a short sword.
Found a dagger.
There is an open door here.
You open the door.
There is an open door here.
You open the door.
There is an open door here.
You open the door.
There is an open door here.
You open the door.
A dart slug comes into view.
You shoot a sling bullet. The sling bullet hits the dart slug!
You kill the dart slug!
No target in view!
No target in view!
There is an open door here.
n - 25 sling bullets (gained 1)
You see here a dart slug corpse.
You open the door.
Ijyb the Twisted Goblin comes into view.
She is wielding a +4 club, wearing a +3 scale mail of willpower and carrying a wand of acid (9).
Ijyb screams, "Level is mine!
All mine!"
Ijyb zaps a wand.
The bolt of acid hits you!!
There is an open door here.
a - a +0 quarterstaff (weapon)
Ijyb screams, "I no like you!"
Ijyb zaps a wand.
The bolt of acid hits you!!
Ouch! That really hurt!
You die...

........ ..#
........ #..
........ ##..
.....8. ..g .......
####+#### ..#
...8... #.......#
..###.. .......
#.......##......#
.....>. .........@.#
.#..... ##
.......†.### ##....
.#+# ..........#
##.##
...#####.......###
#.. #
.....#.#+#...#'#.#
##..... .
....##...#####...##
##..... .
....+......#......+
.##...... #
...##......#......##
........# #
...#.......#.......#
........# #


You could see Ijyb.

Vanquished Creatures
  Sigmund (D:3)
  A necrophage (D:4)
  2 scorpions
  A centaur skeleton (D:4)
  Jessica (D:2)
  An orc wizard (D:4)
  8 adders
  An adder skeleton (D:4)
  A worm (D:3)
  2 dart slugs
  8 orcs (D:4)
  7 ball pythons
  3 bats
  An endoplasm (D:4)
  3 giant cockroaches
  6 goblins
  3 hobgoblins
  2 quokkas
  A frilled lizard (D:1)
  9 kobolds
  4 rats
66 creatures vanquished.

Notes
Turn   | Place    | Note
-------+----------+-------------------------------------------
     0 | D:1      | flotson the Demonspawn Gladiator began the quest for the
                  | Orb.
     0 | D:1      | Reached XP level 1. HP: 16/16 MP: 1/1
   503 | D:1      | Discovered your monstrous ancestry.
   503 | D:1      | Gained mutation: You have sharp fingernails. [demonic
                  | ancestry]
   503 | D:1      | Reached XP level 2. HP: 22/22 MP: 2/2
   946 | D:2      | Found Rung's Jewellery Emporium.
  1052 | D:2      | Reached XP level 3. HP: 16/28 MP: 3/3
  1094 | D:2      | Reached skill level 1 in Armour
  1219 | D:2      | Noticed Jessica
  1226 | D:2      | Killed Jessica
  1342 | D:2      | Noticed a floating eye
  1345 | D:2      | Found a faded altar of an unknown god.
  1347 | D:2      | Noticed a great orb of eyes
  1347 | D:2      | Noticed a golden eye
  1347 | D:2      | Noticed a shining eye
  1369 | D:2      | Gained mutation: You have very sharp fingernails. [demonic
                  | ancestry]
  1369 | D:2      | Reached XP level 4. HP: 25/34 MP: 4/4
  1452 | D:2      | Found Riclepsi's Book Emporium.
  1465 | D:2      | Found Ivoypsax's Jewellery Boutique.
  1468 | D:2      | Identified the +5 chain mail of Gebbok {Harm MP+9 Str-4
                  | Int+3}
  1700 | D:2      | Found Nokhlire's Jewellery Emporium.
  1909 | D:2      | Found Togi's Weapon Boutique.
  1915 | D:2      | Bought 3 datura-tipped darts for 16 gold pieces
  1915 | D:2      | Bought a +0 vorpal hunting sling for 58 gold pieces
  2331 | D:3      | Noticed a scorpion
  2331 | D:3      | Noticed Sigmund
  2723 | D:3      | Killed a scorpion
  2724 | D:3      | Gained mutation: You sometimes gain a little power by
                  | taking damage. [demonic ancestry]
  2724 | D:3      | Reached XP level 5. HP: 14/40 MP: 5/5
  3236 | D:3      | Killed Sigmund
  3237 | D:3      | Gained mutation: You have large cloven feet. [demonic
                  | ancestry]
  3237 | D:3      | Reached XP level 6. HP: 37/47 MP: 6/6
  3469 | D:4      | Found Gir Dem's Jewellery Emporium.
  3590 | D:4      | Found Suru Gue's General Store.
  3668 | D:4      | Found a hazy altar of Hepliaklqana.
  4124 | D:4      | Reached skill level 1 in Evocations
  4124 | D:4      | Gained mutation: You may rarely emit foul miasma when
                  | damaged in melee. [demonic ancestry]
  4124 | D:4      | Reached XP level 7. HP: 50/53 MP: 7/7
  4247 | D:4      | Found Luakyobb's Jewellery Emporium.
  4435 | D:4      | Noticed Ijyb
  4436 | D:4      | Killed from afar by Ijyb

Illustrated notes

Levels and vault maps discovered:
D:1:      nzn_arrival_water_spiral, layout_loops_ring, minmay_misc_feat_x
D:2:      layout_basic, hellmonk_ecumenical_altar_watching_god, serial_shops,
          shop, nicolae_shop_crystal, nicolae_shop_crystal, shop,
          nicolae_shop_bloodbath_and_beyond, minmay_misc_feat_tiny,
          minmay_pentomino_z4, uniq_jessica
D:3:      layout_basic, uniq_sigmund
D:4:      nicolae_cairo_tiling_very_big, layout_layer_cave,
          mainiacjoe_overflow_alcove_1, mainiacjoe_overflow_alcove_4,
          serial_shops, nicolae_square_shop, shop, nicolae_stop_n_shop_1,
          uniq_ijyb

Skill      XL: |  1  2  3  4  5  6 |
---------------+-------------------+-----
Throwing       | 2 3 |  3.4
Armour         | 1 2 |  2.8
Axes           | 3 4 |  4.0
Dodging        | 3 4 |  4.0
Fighting       | 3 |  3.8
Evocations     | 1 |  1.2

Action                   |  1- 3 |  4- 6 |  7- 9 || total
-------------------------+-------+-------+-------++-------
Melee: War axe           |    44 |    30 |       ||    74
       Quarterstaff      |       |     8 |       ||     8
       Kick              |       |     1 |       ||     1
 Fire: Hunting sling     |       |    89 |    22 ||   111
Throw: Dart              |    13 |     7 |       ||    20
       Throwing net      |     1 |       |       ||     1
  Use: Potion            |       |     2 |       ||     2
 Stab: Sleeping          |     1 |       |       ||     1
Armor: Leather armour    |    13 |       |       ||    13
       Chain mail        |       |    65 |       ||    65
Dodge: Dodged            |    20 |    35 |     1 ||    56

Table legend: (Time is in decaauts)
 A = Elapsed time spent in this place.
 B = Non-inter-level travel time spent in this place.
 C = Inter-level travel time spent in this place.
 D = Time resting spent in this place.
 E = Time spent auto-exploring this place.
 F = Levels seen in this place.
 G = Mean time per level.
                   A        B        C        D        E       F      G
               +--------+--------+--------+--------+--------+-----+--------+
         Total |   4477 |   4324 |    153 |    309 |   3445 |   4 | 1119.2 |
       Dungeon |   4477 |   4324 |    153 |    309 |   3445 |   4 | 1119.2 |
               +--------+--------+--------+--------+--------+-----+--------+

Top non-repeatable levels by time:
     D:2: 1398 daAuts
     D:3: 1064 daAuts
     D:1: 1039 daAuts
     D:4: 973 daAuts
